 Dungeon Crawl Stone Soup version 0.27.1-33-g824d729ab1 (webtiles) character file.

Game seed: 16571743301831071497

700 pkoi the Ruffian (level 7, 0/82 HPs)
             Began as a Purple Draconian Gladiator on Dec 14, 2021.
             Succumbed to a water moccasin's poison
             ... on level 7 of the Dungeon on Dec 15, 2021.
             The game lasted 00:05:29 (4749 turns).

pkoi the Ruffian (Purple Draconian Gladiator)       Turns: 4749, Time: 00:05:29

Health: 0/82       AC: 23    Str: 16    XL:     7   Next: 38%
Magic:  7/7        EV:  2    Int: 10    God:
Gold:   129        SH:  0    Dex: 13    Spells: 6/6 levels left

rFire    . . .     SeeInvis .     - Unarmed
rCold    . . .     Faith    .   (no shield)
rNeg     + + +     Spirit   .   (armour unavailable)
rPois    +         Reflect  .   (helmet currently unavailable)
rElec    .         Harm     .   (cloak currently unavailable)
rCorr    .         Rampage  .   (gloves currently unavailable)
Will     +....     NoTele   +   (boots currently unavailable)
Stlth    +.........             (no amulet)
HPRegen  0.23/turn              (no ring)
MPRegen  0.10/turn              (no ring)

@: brilliant, lethally poisoned (0 -> -5), tree-form
A: stationary, stasis, torment immunity, boosted hp, (breathe power), AC +6,
unfitting armour, (cold-blooded)
a: no special abilities


You were on level 7 of the Dungeon.
You were a tree.
You visited 1 branch of the dungeon, and saw 6 of its levels.

You collected 129 gold pieces.

Inventory:

Missiles
 b - 3 throwing nets
 l - 2 javelins
 m - 37 poisoned darts
Armour
 a - a +0 hat (melded)
 p - a +0 pair of boots (melded)
Jewellery
 j - an amulet of magic regeneration
 n - a ring of fire
Wands
 r - a wand of charming (2)
Scrolls
 d - 3 scrolls of teleportation
 h - a scroll of amnesia
 q - 5 scrolls of identify
Potions
 c - a potion of magic {unknown}
 e - a potion of lignification
 g - a potion of heal wounds {unknown}
 i - a potion of mutation {unknown}
 k - a potion of brilliance


   Skills:
 - Level 2.1 Fighting
 - Level 1.7 Throwing
 - Level 2.6 Dodging
 + Level 7.8 Unarmed Combat
 - Level 4.0 Evocations


You had 6 spell levels left.
You didn't know any spells.
Your spell library contained the following spells:

 Spells                   Type           Power      Damage    Failure   Level
 Foxfire                  Conj/Fire      0%         2x1d4     36%         1
 Conjure Flame            Conj/Fire      0%         6-21      75%         3
 Gell's Gravitas          Tloc           0%         N/A       75%         3
 Inner Flame              Hex/Fire       0%         N/A       75%         3
 Teleport Other           Tloc           0%         N/A       75%         3
 Dispersal                Tloc           0%         N/A       100%        6


Dungeon Overview and Level Annotations

Branches:
Dungeon (7/15)
 Temple: D:4-7

Altars:
Qazlal
Wu Jian
Yredelemnul
Zin

Annotations:
D:2 Sigmund


Innate Abilities, Weirdness & Mutations

You are a tree.
Your roots penetrate the ground, keeping you stationary.
You cannot be teleported.
You are immune to unholy pain and torment.
Your maximum health is greatly increased.
Your equipment is partially melded.
((You can breathe bolts of dispelling energy.))
((Your rich purple scales are hard. (AC +6)))
You cannot fit into any form of body armour.
((You are cold-blooded and may be slowed by cold attacks.))


Message History

You miss the water moccasin.
The water moccasin is almost dead.
You feel sick. The water moccasin closely misses you.
You barely miss the water moccasin.
Your tail-slap misses the water moccasin.
The water moccasin is almost dead.
You feel sick. The water moccasin bites you.
* * * LOW HITPOINT WARNING * * *
You miss the water moccasin.
You tail-slap the water moccasin, but do no damage.
The water moccasin is almost dead.
You feel sick. The water moccasin bites you.
* * * LOW HITPOINT WARNING * * *
You are lethally poisoned!
The water moccasin poisons you!
You feel better. The water moccasin barely misses you.
You closely miss the water moccasin.
The water moccasin is almost dead.
The water moccasin bites you.
* * * LOW HITPOINT WARNING * * *
You are lethally poisoned!
The water moccasin poisons you! The water moccasin barely misses you.
You hit the water moccasin.
You kill the water moccasin!
* * * LOW HITPOINT WARNING * * *
You feel very sick.
* * * LOW HITPOINT WARNING * * *
You feel very sick.
You see here a water moccasin corpse.
* * * LOW HITPOINT WARNING * * *
You feel sick.
It was a potion of lignification.
You turn into a tree.
Your +0 hat melds into your body.
Your +0 pair of boots melds into your body.
Your roots penetrate the ground.
* * * LOW HITPOINT WARNING * * *
You feel sick.
It was a potion of brilliance.
You feel clever all of a sudden.
You die...

#.......# #......<#
#.......# #.......#
#.......# .
+.......# ..
#.......#########...
#................#
#...........♣....#
####+###....†....#
#....<....#
+.........#
#.........#
#....###### #....#
+....# #(...#


There were no monsters in sight!

Vanquished Creatures
  A water moccasin (D:7)
  An ogre (D:4)
  A scorpion (D:4)
  A water moccasin skeleton (D:4)
  2 hounds (D:4)
  A centaur skeleton (D:6)
  3 iguanas (D:4)
  Ijyb (D:4)
  An orc wizard (D:3)
  A scorpion zombie (D:3)
  A hound zombie (D:3)
  4 gnolls
  5 adders
  2 worms
  2 dart slugs
  7 orcs
  3 ball pythons
  2 endoplasms (D:1)
  A giant cockroach (D:3)
  2 hobgoblins (D:2)
  A jackal (D:3)
  4 quokkas
  3 bats (D:1)
  3 frilled lizards
  9 goblins
  6 kobolds
  A quokka zombie (D:3)
  A rat (D:1)
70 creatures vanquished.

Notes
Turn   | Place    | Note
-------+----------+-------------------------------------------
     0 | D:1      | pkoi the Draconian Gladiator began the quest for the Orb.
     0 | D:1      | Reached XP level 1. HP: 17/17 MP: 1/1
   438 | D:1      | Reached XP level 2. HP: 22/24 MP: 2/2
   973 | D:2      | Reached skill level 4 in Unarmed Combat
  1041 | D:2      | Found a glowing silver altar of Zin.
  1143 | D:2      | Reached XP level 3. HP: 28/29 MP: 3/3
  2050 | D:2      | Noticed Sigmund
  2189 | D:3      | Reached skill level 5 in Unarmed Combat
  2189 | D:3      | Reached XP level 4. HP: 33/36 MP: 4/4
  2292 | D:3      | Found an ornate altar of the Wu Jian Council.
  2417 | D:3      | Found a basalt altar of Yredelemnul.
  2495 | D:3      | Reached XP level 5. HP: 34/41 MP: 5/5
  3090 | D:4      | Reached skill level 6 in Unarmed Combat
  3090 | D:4      | Reached skill level 1 in Evocations
  3408 | D:4      | Reached XP level 6. HP: 29/48 MP: 6/6
  4041 | D:4      | Found a stormy altar of Qazlal.
  4044 | D:4      | Noticed an air elemental
  4044 | D:4      | Noticed a water elemental
  4044 | D:4      | Noticed a fire elemental
  4051 | D:4      | Noticed Ijyb
  4059 | D:4      | Reached skill level 7 in Unarmed Combat
  4059 | D:4      | Your scales start taking on a rich purple colour.
  4059 | D:4      | Reached XP level 7. HP: 50/55 MP: 7/7
  4096 | D:4      | Killed Ijyb
  4364 | D:4      | You fall into a shaft and drop 3 floors!
  4418 | D:6      | HP: 1/55 [orc warrior (20)]
  4747 | D:7      | HP: 1/55 [poisoned by a water moccasin]
  4749 | D:7      | Succumbed to a water moccasin's poison

Illustrated notes

Levels and vault maps discovered:
D:1:      minmay_arrival_diagonal_passages, layout_loops_corners
D:2:      layout_loops_cross, basic_altar, uniq_crazy_yiuf_cottage, uniq_sigmund
D:3:      layout_loops_ring, nicolae_yredelemnul_corpse_copse,
          lemuel_round_altar
D:4:      minmay_chambers_of_threes, layout_rooms,
          nicolae_qazlal_style_of_elements, hangedman_feature_mirror, uniq_ijyb
D:6:      layout_loops_ring, nicolae_overflow_hidden_temple,
          nicolae_hepliaklqana_monster_ancestors, trog_three_pillars_becter,
          minmay_temple_entry_glassed_door, kennysheep_cluttered_room
D:7:      layout_gridville, dancing_weapons_uskayaw, uniq_harold

Skill      XL: |  1  2  3  4  5  6 |
---------------+-------------------+-----
Unarmed Combat | 4 5 6 7 |  7.8
Evocations     | 2 4 |  4.0
Fighting       | |  2.1
Throwing       | |  1.7
Dodging        | |  2.6

Action                   |  1- 3 |  4- 6 |  7- 9 || total
-------------------------+-------+-------+-------++-------
Melee: Unarmed           |    97 |   156 |    39 ||   292
       Tailslap          |    13 |    21 |     3 ||    37
       Punch             |     1 |     4 |     1 ||     6
Evoke: Wand              |       |     6 |     7 ||    13
  Use: Scroll            |       |     5 |       ||     5
       Potion            |       |       |     3 ||     3
 Stab: Sleeping          |     1 |     1 |       ||     2
Armor: Skin              |    16 |    37 |    21 ||    74
Dodge: Dodged            |    48 |    98 |    37 ||   183
